Map: [ESL] Tropical Sacrifice

Players

Spirit

  • Race: Terran Terran
  • Spawn Location: 1:00

ShoWTimE - Winner!

  • Race: Protoss Protoss
  • Spawn Location: 7:00

Event: DreamHack SC2 Masters 2022 Valencia

VOD

Have the link to the VOD?

Description

Time

  • Played on: July 1, 2022, 2:43 p.m.
  • Length: 20:44

All games in this series

Show
View Real Time Build Order
Export as new Build Order

Spirit Terran 

Build Orders: Reaper Expand 

Get SALT Encoding   

  12  0:00  SCV  
  13  0:12  SCV  
  14  0:17  Supply Depot  
  14  0:24  SCV  
  15  0:39  SCV  
  15  0:40  Barracks  
  16  0:45  Refinery  
  16  0:51  SCV  
  18  1:04  Engineering Bay, SCV  
  18  1:17  SCV  
  19  1:27  Reaper  
  19  1:30  Orbital Command  
  20  1:53  Command Center  
  20  1:56  SCV  
  20  1:59  Barracks Reactor  
  21  2:05  Supply Depot  
  21  2:10  SCV  
  22  2:20  Bunker  
  22  2:22  SCV  
  23  2:31  Factory  
  23  2:33  Refinery  
  23  2:34  SCV  
  24  2:37  Marine  
  24  2:38  Marine  
  26  2:46  SCV  
  27  2:55  Marine  
  27  2:56  Marine  
  29  2:58  SCV  
  29  3:04  Orbital Command  
  30  3:10  SCV  
  31  3:13  Marine  
  31  3:14  Marine  
  31  3:17  Widow Mine  
  31  3:19  Starport  
  35  3:23  SCV  
  36  3:31  SCV  
  36  3:32  Barracks  
  36  3:33  Marine  
  38  3:36  Marine  
  38  3:40  Widow Mine  
  41  3:41  SCV  
  42  3:49  SCV  
  42  3:51  Supply Depot  
  42  3:53  SCV  
  46  4:04  Factory Tech Lab, Supply Depot  
  46  4:09  Medivac  
  46  4:13  SCV x2  
  46  4:14  Engineering Bay  
  48  4:18  Marine  
  48  4:22  Barracks Tech Lab  
  49  4:25  SCV x2  
  49  4:29  Refinery  
  49  4:31  Marine  
  51  4:37  SCV x2  
  54  4:39  Barracks  
  54  4:41  Missile Turret  
  54  4:44  Stimpack  
  54  4:45  Marauder  
  55  4:49  SCV x2  
  55  4:50  Raven  
  59  4:53  Marine  
  59  4:56  Terran Infantry Weapons Level 1  
  60  5:01  SCV  
  60  5:02  SCV  
  60  5:04  Supply Depot  
  62  5:09  Supply Depot  
  62  5:13  Factory Reactor  
  62  5:14  SCV, Marine  
  63  5:16  SCV  
  63  5:17  Marine  
  66  5:23  Refinery  
  66  5:26  SCV  
  66  5:27  Marauder  
  69  5:31  SCV  
  69  5:34  Supply Depot  
  70  5:38  SCV  
  70  5:39  Combat Shield  
  70  5:40  Marauder  
  70  5:42  Marine  
  74  5:45  Marine  
  74  5:49  Marauder  
  77  5:52  Supply Depot  
  77  5:53  SCV  
  77  5:54  SCV  
  79  5:58  Medivac  
  79  5:59  Medivac, Factory Reactor  
  79  6:04  Marine, Marauder  
  83  6:10  Marauder  
  83  6:11  Marine  
  88  6:22  Marine  
  88  6:24  Concussive Shells  
  88  6:26  Marauder  
  88  6:29  Marine  
  88  6:32  Marauder  
  93  6:37  Medivac  
  94  6:43  Command Center  
  93  6:47  Medivac, Marauder  
  93  6:49  Marine  
  93  6:52  Marine  
  93  6:53  Marauder  
  97  6:58  Widow Mine  
  97  7:01  Barracks x2  
  97  7:06  Marine, Widow Mine  
  97  7:07  SCV  
  101  7:09  Terran Infantry Armor Level 1  
  101  7:13  Supply Depot  
  101  7:15  Supply Depot  
  101  7:16  Marauder x2  
  101  7:21  Armory  
  101  7:22  Viking  
  107  7:24  SCV x2  
  109  7:34  Medivac, Marine, Widow Mine  
  109  7:36  SCV  
  115  7:38  SCV, Marauder x2  
  115  7:42  Marine  
  121  7:48  SCV  
  122  7:51  Marine  
  122  7:55  Supply Depot x2  
  122  7:56  SCV  
  122  7:58  Barracks Tech Lab, Barracks Reactor  
  124  7:59  Marauder  
  126  8:07  Marine  
  126  8:08  Marauder  
  126  8:09  Medivac x2  
  126  8:11  Marine  
  134  8:16  Orbital Command, Ghost Academy  
  134  8:20  SCV x2  
  134  8:24  Marine x2  
  134  8:26  Marine  
  137  8:29  Marine  
  137  8:31  Widow Mine  
  137  8:32  SCV  
  145  8:34  Widow Mine  
  145  8:36  SCV  
  143  8:44  SCV  
  143  8:45  SCV  
  143  8:47  Refinery x2  
  143  8:48  Ghost x2, SCV  
  145  8:49  Ghost  
  145  8:52  Widow Mine  
  149  8:56  SCV  
  149  8:57  SCV  
  149  8:58  Marine  
  149  8:59  Marine x3  
  138  9:16  Marine x2  
  138  9:17  Marine x4  
  130  9:18  Marine  
  130  9:20  Widow Mine  
  131  9:33  Marine, Medivac  
  131  9:34  Marine x5  
  131  9:35  SCV x2  
  131  9:36  Marine  
  137  9:41  SCV  
  135  9:45  Widow Mine  
  135  9:47  SCV x2  
  135  9:51  Marine  
  135  9:52  Marine x4  
  137  9:53  SCV, Marauder  
  137  9:54  Marauder, Widow Mine  
  137  9:59  SCV  
  147  10:00  SCV  
  147  10:09  Marine  
  147  10:10  Marine x3  
  147  10:11  Orbital Command, Marauder  
  147  10:13  Marine  
  151  10:15  Marine  
  135  10:27  Marine  
  135  10:28  Marine x2  
  134  10:29  Marine  
  134  10:32  Marauder x2  
  134  10:33  Marine  
  141  10:36  SCV  
  141  10:37  SCV x2  
  141  10:39  Terran Infantry Weapons Level 2  
  141  10:40  Enhanced Shockwaves  
  142  10:43  Engineering Bay  
  142  10:48  Medivac x2  
  142  10:49  SCV x2  
  149  11:04  Marine, Marauder  
  151  11:05  Missile Turret  
  151  11:07  Marine x2  
  151  11:08  Marauder  
  151  11:10  SCV  
  153  11:12  Command Center  
  153  11:13  Marine x2  
  150  11:21  Marine  
  150  11:25  Viking x2  
  153  11:26  Marine  
  153  11:31  Marine  
  149  11:35  SCV x3  
  149  11:38  Marine  
  146  11:40  Marine  
  147  11:47  SCV  
  147  11:48  SCV x2, Marine  
  147  11:49  Marauder  
  147  11:53  Fusion Core  
  153  11:54  Terran Ship Weapons Level 1  
  153  11:59  SCV  
  153  12:00  SCV  
  155  12:02  Refinery, SCV  
  155  12:07  Missile Turret  
  157  12:13  SCV  
  157  12:19  Ghost x2  
  157  12:23  Ghost, SCV, Terran Infantry Armor Level 2  
  157  12:24  Marine  
  157  12:28  Planetary Fortress  
  161  12:30  SCV x2  
  161  12:35  SCV  
  164  12:42  SCV x2, Starport  
  166  12:47  Ghost, SCV  
  169  12:51  Ghost  
  169  12:54  SCV  
  169  12:56  Refinery, Advanced Ballistics  
  169  12:57  Refinery  
  172  12:58  Supply Depot  
  172  12:59  Ghost  
  170  13:09  SCV x2  
  170  13:10  SCV x2  
  170  13:11  Marine  
  172  13:16  Ghost  
  169  13:20  Ghost  
  169  13:21  Liberator  
  174  13:31  Marine  
  174  13:34  Marine, Marauder  
  157  13:35  Marine  
  156  13:42  Marine  
  156  13:45  Marauder  
  156  13:47  Liberator  
  153  13:48  Marine  
  153  13:49  Marauder  
  153  13:55  Marauder, Liberator  
  146  13:59  Command Center  
  146  14:06  Marauder  
  146  14:07  Marine  
  146  14:08  Marine  
  146  14:09  Marine x2  
  139  14:11  SCV x2, Marauder  
  139  14:14  Liberator  
  130  14:17  Marauder  
  121  14:25  Terran Ship Weapons Level 2, Marine  
  121  14:26  SCV, Marine  
  121  14:27  SCV x2, Marine x2  
  121  14:28  Marauder  
  130  14:31  Sensor Tower  
  130  14:32  SCV, Marauder  
  135  14:38  Marauder  
  135  14:39  SCV x2  
  135  14:42  SCV  
  135  14:43  Marine  
  135  14:44  Marine  
  135  14:45  Marine, Liberator  
  141  14:46  Liberator  
  141  14:47  Marine  
  141  14:49  Marauder  
  147  14:53  Marauder  
  147  14:59  Marine  
  150  15:01  Liberator  
  150  15:02  Marine  
  153  15:23  SCV x4  
  153  15:24  Command Center  
  161  15:37  Marine, Marauder  
  161  15:47  Medivac x4  
  161  15:48  SCV  
  161  15:52  Marine  
  162  16:02  Marine  
  162  16:03  Marine  
  162  16:04  Marine  
  138  16:05  Marine, Marauder x2  
  138  16:07  SCV x4  
  138  16:09  Marine  
  151  16:19  SCV x3, Marine  
  151  16:20  Marine  
  151  16:23  Marauder  
  151  16:25  Liberator x4  
  161  16:27  Marauder  
  161  16:29  Marine, Marauder  
  169  16:33  Missile Turret  
  169  16:42  Terran Vehicle And Ship Armor Level 1  
  169  16:43  Marine  
  169  16:45  Marauder  
  172  16:48  Marine, Marauder  
  172  16:51  Marine, Marauder  
  172  16:53  SCV  
  176  16:54  SCV  
  176  16:55  SCV  
  178  17:05  SCV  
  178  17:08  Liberator x3  
  185  17:09  Marauder  
  185  17:14  Liberator  
  193  17:22  Marine x2, Missile Turret  
  187  17:24  Marine, Marauder  
  187  17:28  Planetary Fortress  
  177  17:31  Marine, Marauder  
  177  17:36  Marauder  
  179  17:40  Marine x2  
  179  17:42  Marine  
  182  17:45  Starport  
  182  17:46  Marauder  
  182  17:47  Terran Infantry Weapons Level 3  
  182  17:48  Marine  
  182  17:51  Liberator  
  188  17:54  Refinery, Marauder  
  188  17:55  Refinery  
  188  17:56  Marine  
  188  17:58  Marine x2  
  193  18:06  Marine, Sensor Tower  
  193  18:09  Marauder  
  194  18:16  Command Center  
  194  18:20  Marauder  
  194  18:21  Marine, Marauder, Liberator  
  194  18:22  Liberator  
  179  18:32  Liberator  
  157  18:34  Marine, Marauder  
  157  18:36  Marine x2  
  157  18:39  Marine  
  161  18:41  Marauder  
  161  18:42  Marauder  
  161  18:48  Liberator  
  168  18:52  Marine  
  168  18:54  Marine x2  
  171  18:56  Marauder  
  171  18:57  Marine  
  171  19:00  Liberator  
  171  19:01  Missile Turret  
  171  19:02  Marine  
  178  19:18  Marauder  
  178  19:19  Marine  
  178  19:23  Liberator  
  175  19:25  Marine  
  175  19:30  Marine, Marauder x2  
  163  19:44  Marine  
  128  19:54  Marine x2  
  128  19:58  Marine  
  131  20:01  Marine  
Show
View Real Time Build Order
Export as new Build Order

ShoWTimE Protoss - Winner!

Build Orders: Blink Stalkers 

Get SALT Encoding   

  12  0:00  Probe  
  13  0:12  Probe  
  14  0:18  Pylon  
  14  0:24  Probe (Chrono Boost)  
  15  0:37  Probe (Chrono Boost), Gateway  
  16  0:44  Probe (Chrono Boost)  
  16  0:46  Assimilator  
  17  0:51  Probe  
  18  1:03  Probe  
  19  1:15  Probe  
  20  1:25  Cybernetics Core  
  20  1:27  Probe  
  21  1:42  Pylon  
  21  1:53  Nexus  
  21  1:57  Probe  
  22  2:01  Adept (Chrono Boost)  
  22  2:07  Warp Gate  
  24  2:11  Probe  
  25  2:16  Assimilator  
  25  2:24  Stalker  
  27  2:30  Probe  
  28  2:42  Probe  
  29  2:49  Gateway  
  29  2:54  Probe  
  29  2:57  Twilight Council  
  30  3:06  Probe (Chrono Boost)  
  30  3:10  Probe (Chrono Boost)  
  32  3:16  Stalker  
  32  3:17  Probe (Chrono Boost)  
  36  3:21  Probe (Chrono Boost)  
  36  3:22  Probe (Chrono Boost)  
  37  3:30  Probe, Blink (Chrono Boost)  
  37  3:32  Probe  
  39  3:43  Probe  
  39  3:45  Robotics Facility  
  39  3:46  Probe  
  41  3:55  Probe  
  42  3:58  Probe  
  42  4:02  Pylon  
  43  4:07  Probe  
  44  4:12  Nexus  
  44  4:13  Stalker  
  46  4:18  Pylon  
  46  4:20  Probe  
  46  4:22  Probe  
  48  4:30  Stalker  
  50  4:32  Observer (Chrono Boost)  
  50  4:33  Probe  
  50  4:34  Probe  
  50  4:35  Assimilator  
  51  4:39  Stalker  
  51  4:45  Probe  
  54  4:46  Observer (Chrono Boost), Probe  
  54  4:48  Pylon  
  56  4:57  Probe  
  56  4:58  Probe  
  58  5:02  Stalker x2, Gateway  
  62  5:08  Forge  
  62  5:09  Probe  
  62  5:10  Probe  
  64  5:15  Pylon  
  64  5:16  Charge (Chrono Boost)  
  64  5:21  Probe  
  64  5:22  Probe  
  64  5:25  Probe  
  64  5:26  Gateway  
  67  5:30  Gateway  
  67  5:36  Gateway  
  67  5:40  Gateway  
  67  5:42  Protoss Ground Armor Level 1 (Chrono Boost)  
  67  5:45  Probe x2  
  67  5:47  Gateway  
  68  5:50  Probe  
  70  5:57  Pylon, Probe  
  70  5:58  Shield Battery  
  70  5:59  Sentry x2  
  74  6:06  Probe  
  74  6:10  Probe  
  75  6:13  Zealot  
  75  6:14  Probe  
  79  6:18  Probe  
  79  6:22  Probe  
  79  6:23  Pylon  
  80  6:30  Zealot x5  
  90  6:33  Pylon x2  
  90  6:36  Stalker  
  92  6:41  Probe  
  92  6:45  Stalker x2  
  92  6:46  Probe  
  92  6:56  Zealot x3  
  98  7:01  Stalker  
  98  7:04  Pylon  
  98  7:06  Zealot x2  
  104  7:13  Pylon  
  104  7:14  Zealot x2  
  108  7:17  Warp Prism (Chrono Boost)  
  110  7:27  Sentry  
  110  7:28  Stalker x2, Pylon  
  116  7:34  Stalker x2  
  120  7:43  Nexus  
  120  7:44  Protoss Ground Weapons Level 1 (Chrono Boost)  
  120  7:47  Probe x3  
  121  7:53  Zealot  
  121  7:54  Zealot x2  
  121  7:58  Robotics Bay  
  125  8:08  Stalker x3  
  125  8:09  Zealot x2  
  135  8:13  Pylon  
  135  8:14  Zealot  
  135  8:32  Stalker x2  
  135  8:33  Stalker x2  
  139  8:37  Shield Battery  
  137  8:42  Zealot x3  
  137  8:43  Zealot  
  137  8:46  Disruptor  
  138  8:56  Zealot  
  138  8:57  Zealot x3  
  142  9:05  Zealot x4  
  148  9:15  Probe x2  
  148  9:16  Probe  
  132  9:18  Zealot x4  
  134  9:29  Disruptor (Chrono Boost)  
  132  9:31  Probe x3  
  132  9:33  Probe  
  132  9:37  Zealot x4  
  132  9:38  Protoss Ground Weapons Level 2 (Chrono Boost)  
  141  9:43  Probe x3  
  140  9:45  Probe  
  135  9:55  Probe x2  
  135  9:56  Probe  
  135  9:58  Robotics Facility  
  135  9:59  Photon Cannon, Shield Battery  
  138  10:01  Disruptor (Chrono Boost)  
  138  10:02  Sentry x2, Zealot  
  138  10:03  Zealot x4  
  133  10:27  Probe  
  133  10:28  Probe x2  
  136  10:31  Stalker x4  
  136  10:34  Nexus  
  147  10:44  Pylon, Assimilator  
  144  10:50  Stalker x2, Assimilator  
  148  10:58  Pylon  
  148  10:59  Pylon  
  148  11:01  Pylon  
  145  11:07  Photon Cannon  
  145  11:09  Stalker x3, Shield Battery  
  145  11:13  Shield Battery  
  145  11:15  Stalker x2, Photon Cannon  
  149  11:23  Probe  
  149  11:24  Probe x2  
  142  11:32  Warp Prism  
  144  11:36  Probe x2  
  146  11:44  Stalker  
  146  11:45  Stalker x5  
  158  11:54  Photon Cannon  
  158  11:56  Shield Battery  
  158  11:57  Protoss Ground Armor Level 2 (Chrono Boost)  
  156  12:15  Pylon  
  156  12:17  Disruptor (Chrono Boost)  
  158  12:24  Zealot x6  
  158  12:25  Zealot x2  
  158  12:26  Disruptor (Chrono Boost)  
  158  12:28  Assimilator  
  174  12:30  Assimilator  
  174  12:33  Nexus  
  174  12:45  Stalker x4, Forge  
  174  12:48  Zealot x2  
  174  12:50  Disruptor (Chrono Boost)  
  181  12:56  Stalker x2  
  188  12:59  Probe  
  177  13:06  Probe  
  177  13:09  Stalker x4  
  186  13:14  Zealot x2  
  188  13:20  Zealot x2  
  188  13:25  Photon Cannon  
  188  13:26  Shield Battery  
  184  13:41  Zealot x8  
  182  13:52  Disruptor  
  182  13:54  Probe  
  182  13:55  Probe  
  182  13:56  Probe  
  182  14:01  Dark Shrine  
  184  14:03  Gateway  
  184  14:06  Gateway  
  160  14:10  Zealot x5  
  160  14:15  Disruptor (Chrono Boost)  
  145  14:22  Probe  
  145  14:23  Probe  
  134  14:27  Disruptor (Chrono Boost)  
  134  14:29  Zealot x3  
  143  14:38  Zealot x3  
  143  14:42  Disruptor (Chrono Boost)  
  152  14:49  Pylon  
  152  14:52  Pylon  
  152  14:53  Disruptor (Chrono Boost)  
  152  14:56  Zealot x5  
  153  15:13  Stalker x3  
  153  15:14  Shadow Stride (Chrono Boost)  
  159  15:15  Photon Cannon, Protoss Ground Weapons Level 3 (Chrono Boost)  
  159  15:17  Photon Cannon  
  159  15:19  Shield Battery  
  157  15:31  Nexus  
  157  15:32  Pylon, Zealot x2  
  161  15:37  Stalker, Disruptor (Chrono Boost)  
  161  15:42  Zealot x2  
  150  16:05  Disruptor (Chrono Boost)  
  150  16:10  Disruptor (Chrono Boost)  
  150  16:11  Probe x3  
  143  16:13  Stalker x3, Photon Cannon  
  143  16:14  Stalker x2  
  143  16:15  Shield Battery  
  156  16:18  Stalker x4  
  156  16:22  Probe  
  161  16:28  Stalker  
  161  16:39  Gateway  
  156  16:42  Gateway  
  154  16:49  Stalker x6  
  162  16:55  Stargate  
  162  16:59  Zealot x4  
  170  17:05  Pylon, Assimilator  
  170  17:20  Stalker x2  
  170  17:21  Stalker  
  170  17:27  Dark Templar x7  
  178  17:39  Protoss Ground Armor Level 3 (Chrono Boost)  
  178  17:42  Nexus  
  176  17:45  Pylon  
  176  17:47  Disruptor (Chrono Boost)  
  182  17:54  Stalker x3  
  182  17:57  Disruptor (Chrono Boost)  
  188  17:58  Stalker x2  
  188  17:59  Stalker x3  
  188  18:03  Assimilator  
  188  18:05  Probe x2  
  176  18:43  Stalker  
  176  18:44  Stalker x4, Zealot x7  
  196  19:07  Observer (Chrono Boost), Gateway  
  196  19:08  Gateway  
  198  19:11  Zealot  
  198  19:14  Observer (Chrono Boost)  
  179  19:32  Stalker x4, Zealot x8  
  185  19:47  Disruptor x2 (Chrono Boost)  
  187  19:53  Stalker x6  
  191  20:05  Stalker x6  
  181  20:13  Assimilator  
  165  20:18  Zealot x6  
  153  20:29  Zealot x3  
  153  20:33  Zealot x2  
  153  20:34  Zealot  

Tags
 
Add a new tag
Caveats
  • Supply blocks, unpowered buildings, or Contaminate may cause inaccurate times.
  • Supply counts are checked every 10 seconds.